Map: Ultralove

Players

LigerMaNN

  • Race: Zerg Zerg
  • League: Diamond
  • Spawn Location: 7:00

crAbSwOrd - Winner!

  • Race: Protoss Protoss
  • Spawn Location: 1:00

VOD

Have the link to the VOD?

Description

Time

  • Played on: June 8, 2025, 12:47 a.m.
  • Length: 11:17
Show
View Real Time Build Order
Export as new Build Order

LigerMaNN Zerg 

Build Orders: Hatch First 

Get SALT Encoding   

  12  0:01  Drone  
  13  0:08  Drone  
  14  0:18  Extractor  
  14  0:19  Drone  
  15  0:22  Overlord  
  15  0:40  Drone x2  
  17  0:52  Hatchery  
  17  0:54  Drone  
  17  0:57  Drone  
  18  1:08  Extractor  
  17  1:12  Spawning Pool  
  17  1:15  Drone  
  17  1:19  Drone  
  18  1:27  Drone  
  19  1:41  Overlord  
  19  2:04  Queen x2  
  19  2:05  Zergling x6  
  26  2:16  Drone x2  
  26  2:17  Metabolic Boost  
  28  2:39  Drone, Hatchery  
  28  2:40  Drone  
  28  2:41  Drone  
  30  2:52  Roach Warren  
  30  2:56  Zergling x4  
  31  2:59  Zergling x2  
  31  3:02  Zergling x2  
  33  3:19  Queen  
  35  3:20  Overlord  
  35  3:22  Drone  
  36  3:39  Drone x6  
  42  3:41  Overlord  
  40  4:02  Drone x5  
  41  4:04  Spore Crawler  
  41  4:06  Spore Crawler  
  41  4:07  Drone  
  41  4:09  Extractor  
  39  4:17  Drone x5  
  44  4:28  Drone x2, Queen  
  48  4:34  Baneling Nest  
  48  4:38  Evolution Chamber  
  46  4:40  Evolution Chamber  
  46  4:44  Drone x2  
  46  4:45  Drone  
  48  4:46  Drone  
  48  4:47  Drone  
  48  4:48  Drone  
  51  4:54  Lair  
  51  5:01  Queen  
  51  5:18  Spore Crawler  
  51  5:20  Overlord x3  
  51  5:21  Overlord  
  50  5:22  Drone x3  
  50  5:23  Drone x2  
  55  5:29  Zerg Melee Weapons Level 1, Zerg Missile Weapons Level 1  
  55  5:47  Queen  
  55  5:49  Queen  
  59  5:51  Drone x2, Hatchery  
  59  5:52  Drone  
  59  5:53  Drone  
  59  5:56  Centrifugal Hooks  
  62  6:02  Hydralisk Den  
  61  6:05  Drone x5  
  61  6:07  Drone  
  67  6:27  Hatchery  
  67  6:29  Drone x4  
  71  6:32  Drone  
  71  6:33  Drone x2, Extractor  
  71  6:34  Drone x2  
  71  6:35  Drone, Extractor  
  71  6:39  Drone x3, Extractor  
  76  6:40  Drone x3, Extractor  
  76  6:44  Spine Crawler  
  76  6:46  Drone x3  
  80  6:47  Drone  
  81  7:00  Queen  
  81  7:02  Queen x2  
  84  7:22  Muscular Augments  
  84  7:23  Hydralisk x2  
  84  7:25  Overlord x4  
  84  7:26  Overlord x4  
  88  7:46  Zerg Missile Weapons Level 2  
  88  7:47  Zerg Melee Weapons Level 2  
  88  7:48  Hydralisk x8  
  104  8:13  Zergling x40  
  124  8:26  Zergling x6, Grooved Spines  
  124  8:27  Zergling x6  
  130  8:32  Baneling  
  130  8:33  Baneling x26  
  130  8:34  Baneling x4  
  130  8:36  Hydralisk  
  130  8:38  Hydralisk  
  130  8:41  Overlord  
  134  8:43  Overlord  
  134  8:45  Overlord  
  134  8:54  Pneumatized Carapace  
  134  8:59  Drone x2  
  134  9:00  Drone x8  
  134  9:01  Drone  
  134  9:02  Drone  
  146  9:16  Zergling x18  
  146  9:17  Zergling x6  
  131  9:52  Zergling x30  
  118  9:57  Hydralisk  
  119  10:00  Baneling x11  
  119  10:12  Hydralisk x5  
  128  10:14  Hydralisk  
  128  10:15  Overlord x3  
  128  10:20  Extractor  
  129  10:21  Extractor  
  106  10:33  Zergling x8  
  106  10:34  Zergling x4  
  106  10:41  Hydralisk x12  
  106  10:42  Hydralisk x3  
  120  10:53  Hatchery  
Show
View Real Time Build Order
Export as new Build Order

crAbSwOrd Protoss - Winner!

Build Orders: 1 Gate Expand, Oracle Opening 

Get SALT Encoding   

  12  0:00  Probe  
  13  0:20  Pylon  
  13  0:22  Probe  
  14  0:34  Probe  
  15  0:39  Gateway  
  15  0:43  Probe  
  15  0:46  Assimilator  
  16  0:51  Probe  
  17  1:01  Probe  
  18  1:13  Probe  
  19  1:25  Probe  
  20  1:33  Cybernetics Core  
  20  1:37  Nexus  
  20  1:40  Probe  
  21  1:47  Pylon  
  21  1:52  Probe  
  22  1:54  Assimilator  
  22  2:04  Probe  
  23  2:10  Adept  
  23  2:14  Probe  
  25  2:22  Probe  
  26  2:29  Stargate  
  27  2:31  Probe  
  28  2:41  Gateway, Adept  
  28  2:43  Probe  
  31  2:45  Probe  
  32  2:54  Probe  
  32  2:55  Probe  
  32  2:58  Pylon  
  34  3:01  Warp Gate  
  34  3:07  Probe  
  34  3:11  Oracle  
  35  3:17  Probe  
  35  3:19  Probe  
  37  3:20  Adept  
  42  3:29  Probe  
  42  3:31  Probe  
  44  3:37  Probe  
  45  3:53  Nexus  
  43  3:58  Oracle  
  41  4:08  Probe x2  
  46  4:16  Assimilator  
  46  4:18  Probe, Assimilator  
  46  4:20  Forge, Probe  
  46  4:22  Twilight Council  
  46  4:23  Gateway  
  48  4:24  Gateway  
  48  4:26  Probe  
  49  4:32  Pylon, Probe  
  49  4:35  Probe  
  50  4:39  Oracle  
  54  4:52  Stalker x2  
  58  5:00  Probe x2  
  60  5:13  Probe  
  60  5:14  Probe  
  66  5:22  Probe, Stalker x3, Void Ray  
  66  5:25  Probe x2  
  75  5:30  Probe  
  75  5:33  Probe  
  77  5:47  Shield Battery  
  77  5:48  Protoss Ground Weapons Level 1  
  77  5:52  Pylon  
  77  5:56  Pylon  
  77  6:00  Pylon  
  77  6:02  Gateway  
  77  6:03  Gateway  
  77  6:04  Templar Archives  
  77  6:08  Pylon  
  77  6:09  Blink  
  77  6:10  Probe x3  
  80  6:21  Shield Battery  
  80  6:22  Probe x3, Stalker x4  
  91  6:34  Gateway, Probe x3  
  91  6:35  Gateway, Pylon  
  94  6:46  Probe x3, Zealot x4  
  102  7:04  Probe x2  
  102  7:07  Psionic Storm, Probe  
  102  7:13  Robotics Facility  
  102  7:14  Robotics Facility  
  102  7:16  Probe x2  
  102  7:17  Assimilator  
  102  7:19  Probe  
  105  7:28  Gateway, Probe x2  
  105  7:29  Gateway  
  107  7:30  Gateway  
  107  7:31  Probe  
  107  7:32  Zealot x2  
  107  7:33  Zealot  
  107  7:34  Pylon  
  107  7:35  High Templar  
  116  7:40  Shield Battery  
  116  7:41  Pylon  
  116  7:43  Protoss Ground Weapons Level 2  
  116  7:45  Pylon  
  116  7:47  Probe  
  116  7:49  Pylon  
  117  7:52  Probe  
  117  7:54  Pylon  
  117  7:55  Zealot x3  
  117  7:57  Charge  
  117  7:58  Pylon x2  
  124  7:59  Observer  
  125  8:10  High Templar  
  125  8:11  Zealot x4  
  135  8:13  Observer  
  136  8:20  Zealot x3  
  142  8:32  High Templar x2  
  142  8:33  Zealot x5  
  156  8:40  Photon Cannon  
  156  8:44  Photon Cannon  
  156  8:52  High Templar x2, Nexus  
  156  8:53  Pylon  
  156  8:55  Pylon  
  160  8:56  Probe x2  
  162  9:09  Assimilator  
  162  9:26  Photon Cannon  
  162  9:28  Photon Cannon  
  142  9:33  High Templar  
  142  9:34  High Templar  
  142  9:37  Zealot x5  
  142  9:38  Zealot x4  
  109  9:57  Warp Prism  
  105  10:01  Pylon  
  105  10:03  Probe x3  
  105  10:05  Pylon  
  105  10:06  Zealot x3  
  105  10:07  Zealot x2  
  114  10:12  Probe  
  117  10:15  Probe x3  
  110  10:30  Zealot x9  
  110  10:31  Zealot  
  128  10:53  High Templar x3  
  128  10:54  High Templar x6  
  140  11:11  Zealot x2  
Tags
 
Add a new tag
Caveats
  • Supply blocks, unpowered buildings, or Contaminate may cause inaccurate times.
  • Supply counts are checked every 10 seconds.